[Event "1st Bella Italia International 2022"]
[Site "Lignano"]
[Date "2022.08.23"]
[Round "9.6"]
[White "Bettalli, Francesco"]
[Black "Jonkman, Harmen"]
[Result "1-0"]
[ECO "C45"]
[WhiteElo "2237"]
[BlackElo "2373"]
[Annotator "TA"]
[PlyCount "89"]
[EventDate "2022.08.18"]
[EventCountry "ITA"]
[SourceTitle "playchess.com"]
[Source "ChessBase"]
[SourceQuality "1"]
[TimeControl "5400+30"]

1. e4 e5 2. Nf3 Nc6 3. d4 exd4 4. Nxd4 Bb4+ 5. c3 Bc5 6. Be3 Bb6 7. Nf5 Bxe3 {[%emt 0:24:31] C45: Scotch Game.} 8. Nxe3 (8. fxe3 g6 9. Ng3 Nf6 $17) 8... d6 9. c4 Nge7 {[%emt 0:06:00] White is slightly better.} 10. Nc3 {[%emt 0:01:12] [#]} Be6 $146 ({Predecessor:} 10... O-O 11. Be2 f5 12. exf5 Nxf5 13. Nxf5 Bxf5 14. O-O Be6 15. Qd2 Qf6 16. Rad1 Qf4 {½-½ (32) Giri,A (2780)-Nakamura,H (2736) chess24.com INT 2021}) 11. Qd2 Qd7 12. Be2 f5 13. exf5 Nxf5 14. Nxf5 Bxf5 15. O-O O-O 16. Rad1 Qf7 17. f4 Ne7 18. b3 Kh8 19. Bf3 Rab8 20. Rde1 Bd7 21. g3 Bc6 22. Bxc6 {[%emt 0:00:52] White is more active.} (22. Bg4 {keeps more tension.} Nf5 23. Qd3 a6 24. a4) 22... Nxc6 23. Nd5 Rbe8 24. Rxe8 Rxe8 25. Re1 Rxe1+ 26. Qxe1 $14 {[%emt 0:00:01][%cal Od5c7][%mdl 4096] Endgame Strongly threatening Nxc7! KQN-KQN} h6 27. Qe4 Qh5 (27... a5 $14) 28. Kg2 ({White should play} 28. Nxc7 Qc5+ 29. Kg2) 28... Qf7 $16 {[%emt 0:01:09] Inhibits Qe8+.} 29. g4 g6 30. Qe3 (30. g5 {feels hotter.} Kg7 31. h4 h5 32. Kg3) 30... a6 (30... a5 $16 {was necessary.}) 31. Qc3+ $18 Kg8 {[%emt 0:00:03] [#]} 32. Qf6 {[%emt 0:04:08] Against Ne7} Qe8 (32... Qxf6 $16 33. Nxf6+ Kf7) 33. Kf3 h5 $2 (33... Qf7 34. Qxf7+ Kxf7) 34. gxh5 Qe1 (34... gxh5 $142 35. Qg5+ Kf7) 35. Qxg6+ ({Stronger than} 35. hxg6 Qf1+ 36. Ke4 (36. Kg3 Qg1+ 37. Kf3 Qf1+ 38. Kg4 Qg2+ 39. Kh5 Qf3+ 40. Kh6 Qh3+ 41. Kg5 Qg2+ 42. Kh5 Qe2+ 43. Kh6 Qxh2+ 44. Kg5 Qg3+ 45. Kh5 Qf3+ 46. Kh4 Qf2+ 47. Kh5 Qf3+ 48. Kh6 Qh3+ 49. Kg5 Qg3+ 50. Kh5 Qf3+ $11) 36... Qb1+ 37. Kf3 Qf1+ 38. Kg4 (38. Kg3 Qg1+ 39. Kh4 Qf2+ 40. Kh5 Qe2+ 41. Kh6 Qxh2+ 42. Kg5 Qg3+ 43. Kh6 Qh3+ 44. Kg5 Qg3+ 45. Kh5 Qf3+ 46. Kh4 Qf2+ 47. Kh5 Qf3+ 48. Kh6 Qh3+ 49. Kg5 Qg3+ $11) 38... Qg2+ 39. Kh5 (39. Kf5 Qh3+ 40. Ke4 Qg2+ 41. Ke3 Qg1+ 42. Kf3 Qf1+ $11) 39... Qe2+ 40. Kh6 (40. Kg5 Qg2+ 41. Kh5 Qe2+ 42. Kh6 Qxh2+ 43. Kg5 Qg3+ 44. Kh6 Qh3+ 45. Kg5 Qg3+ 46. Kh5 Qf3+ 47. Kh6 Qh3+ 48. Kg5 Qg3+ $11) 40... Qxh2+ 41. Kg5 Qg3+ 42. Kh6 Qh3+ 43. Kg5 Qg3+ 44. Kh5 Qf3+ 45. Kh6 Qh3+ 46. Kg5 Qg3+ $11) 35... Kf8 36. Qf5+ Ke8 37. Qe4+ Qxe4+ 38. Kxe4 {[%emt 0:00:01] KN-KN} Kd7 39. h6 Nd8 40. h7 Nf7 41. Kf5 {[%emt 0:00:10] Threatening mate with Kf6.} c6 {[%emt 0:00:03] [#]} 42. Kf6 $1 Nh8 (42... Ke8 43. Nc7+) 43. Kg7 cxd5 44. Kxh8 dxc4 45. bxc4 {[%emt 0:00:07] Weighted Error Value: White=0.06 (flawless) /Black=0.57} 1-0

[Event "1st Bella Italia International 2022"]
[Site "Lignano"]
[Date "2022.08.23"]
[Round "9.7"]
[White "Micottis, Dorian"]
[Black "Priyanka Nutakki"]
[Result "1/2-1/2"]
[ECO "A07"]
[WhiteElo "2263"]
[BlackElo "2308"]
[Annotator "TA"]
[PlyCount "122"]
[EventDate "2022.08.18"]
[EventCountry "ITA"]
[SourceTitle "playchess.com"]
[Source "ChessBase"]
[SourceQuality "1"]
[TimeControl "5400+30"]

1. Nf3 d5 2. g3 Nf6 3. Bg2 e6 4. O-O Be7 5. d3 O-O 6. Nbd2 Nc6 7. e4 dxe4 8. dxe4 e5 9. c3 a5 $1 {[%emt 0:01:05] 9...a5 is better than 9...Be6. A07: Réti Opening: New York and Capablanca Systems.} 10. Qc2 Bc5 11. Nc4 Qe7 12. Ne3 Be6 13. Nh4 (13. Nf5 {looks sharper.} Qd7 14. Bg5 Ne8 15. N3h4) 13... Bxe3 (13... Rfd8 $11) 14. Bxe3 $14 {[%emt 0:00:28] [#]} Bc4 $146 ({Predecessor:} 14... Ng4 15. Bc1 a4 16. Nf5 Qc5 17. Qe2 Nf6 18. Be3 Qc4 19. Qxc4 Bxc4 20. Rfe1 Ra5 {1-0 (81) Kosic,D (2515)-Kostic,V (2430) Tivat 1995}) 15. Rfd1 Rfd8 16. Nf5 Qe6 (16... Rxd1+ $14 17. Rxd1 Qf8) 17. b3 $16 Ba6 18. Bh3 Kh8 19. Kg2 {[%emt 0:01:46][%cal Of5g7] [#] And now Nxg7! would win.} Qe8 20. Bg5 Rxd1 21. Rxd1 {[%emt 0:02:20] aiming for Bxf6.} Ng8 22. a4 h6 23. Bc1 {[%emt 0:02:44] White is much more active.} Nf6 24. Kg1 Rd8 25. f3 Kh7 26. Bf1 (26. Ne3 $16) 26... Bxf1 27. Kxf1 Qe6 28. Kg2 Rb8 29. Be3 b5 30. axb5 Rxb5 31. c4 Rb8 32. Ra1 (32. Qa2 $11) 32... Rd8 (32... h5 $1 $15) 33. Rd1 $11 Nb4 34. Qb1 Rb8 35. Qc1 Ng8 36. Bc5 (36. Ba7 $11 Rb7 37. Bf2) 36... Na6 (36... g6 $1 $15 37. Ne3 Na6) 37. Qa3 (37. Bf2 $11) 37... a4 (37... g6 $17 38. Ne3 (38. Ba7 $2 Ra8 $17) 38... Nxc5 39. Qxc5 Rxb3) 38. bxa4 Qxc4 (38... g6 $11 39. Nh4 (39. Ne3 $2 Nxc5 40. Rd2 Qc6 $19) 39... Qxc4) 39. Bf2 $36 {[%emt 0:00:23][%mdl 2048] White has good play.} Nf6 40. Ne3 Qe6 41. Nd5 Ng8 (41... Nxd5 $14 42. exd5 (42. Rxd5 f6 $11) 42... Qd6 43. Qd3+ Kg8) 42. Qd3 Qc6 43. Qc3 ({Better is} 43. a5 $16) 43... Qxc3 44. Nxc3 Rb3 45. Nb5 Rb2 46. Nc3 Rc2 (46... Rb3 $5 47. Be1 Ra3 $14) 47. Nd5 c6 ({Black should play} 47... Ra2 $11) 48. Ne3 Ra2 49. Rc1 (49. Nc4 $16) 49... Nb4 $11 {[%emt 0:00:01][%cal Oa2f2] The position is equal.} 50. Rc4 Nd3 51. Rc2 Rxa4 52. Rxc6 Nf6 53. Rc3 Nxf2 54. Kxf2 Rxe4 {[%emt 0:00:07][%mdl 4096] Endgame KRN-KRN} 55. Rc5 h5 56. Ra5 Rb4 57. Rxe5 h4 58. gxh4 Rxh4 59. Kg3 Ra4 60. Ng4 Kg6 61. Nxf6 Kxf6 {[%emt 0:00:02] Weighted Error Value: White=0.18 (very precise) /Black=0.15 (very precise)} 1/2-1/2

[Event "1st Bella Italia International 2022"]
[Site "Lignano"]
[Date "2022.08.23"]
[Round "9.8"]
[White "Heredia Serrano, Carla"]
[Black "Loiacono, Leonardo"]
[Result "1/2-1/2"]
[ECO "B08"]
[WhiteElo "2090"]
[BlackElo "2291"]
[Annotator "NA RC"]
[PlyCount "128"]
[EventDate "2022.08.18"]
[EventCountry "ITA"]
[SourceTitle "playchess.com"]
[Source "ChessBase"]
[SourceQuality "1"]
[TimeControl "5400+30"]

1. e4 g6 2. d4 Bg7 3. Nc3 d6 4. Nf3 Nf6 5. h3 O-O 6. Be3 c6 7. a4 Qc7 8. a5 Nbd7 9. Be2 Rb8 10. O-O b5 11. axb6 axb6 12. d5 Nc5 13. dxc6 Ncxe4 14. Nxe4 Nxe4 15. Nd4 e5 16. Nb5 Qxc6 17. f3 Ng3 18. Na7 Nxe2+ 19. Qxe2 Qd7 20. c4 d5 21. cxd5 Qxd5 22. Rfd1 Qe6 23. Nb5 Qe7 24. Ra7 Qb4 25. Bg5 Be6 26. Be7 Bc4 27. Bxb4 Bxe2 28. Bxf8 Bxd1 29. Bd6 Rc8 30. Nc3 Bc2 31. Rb7 e4 32. fxe4 Bd4+ 33. Kh2 Kg7 34. e5 Re8 35. Kg3 g5 36. h4 gxh4+ 37. Kxh4 Kg6 38. Kg3 Ra8 39. Ne2 Be4 40. Nf4+ Kg7 41. Rc7 Bxb2 42. e6 Bg6 43. e7 Re8 44. Rd7 Bf6 45. Nd5 Bf5 46. Nxf6 Kxf6 47. Rb7 Be4 48. Rxb6 Kf5 49. Kf2 f6 50. Ba3 Kg6 51. g3 Kf7 52. Ke3 Bf5 53. Kf4 Bd7 54. Rb7 Be6 55. Bd6 Bd5 56. Rd7 Be6 57. Rd8 Bb3 58. Bb4 Ba4 59. Kf5 Bc2+ 60. Kg4 Bg6 61. Kf4 Bc2 62. Ba3 Bg6 63. Kg4 Ke6 64. Bb4 Kf7 1/2-1/2

[Event "1st Bella Italia International 2022"]
[Site "Lignano"]
[Date "2022.08.23"]
[Round "9.9"]
[White "Haller, Quentin"]
[Black "Arana Garate, Jon"]
[Result "1/2-1/2"]
[ECO "D03"]
[WhiteElo "1995"]
[BlackElo "1933"]
[Annotator "NA RC"]
[PlyCount "67"]
[EventDate "2022.08.18"]
[EventCountry "ITA"]
[SourceTitle "playchess.com"]
[Source "ChessBase"]
[SourceQuality "1"]
[TimeControl "5400+30"]

1. d4 Nf6 2. Bg5 d5 3. e3 e6 4. Nd2 Be7 5. Bd3 O-O 6. Ngf3 b6 7. Ne5 h6 8. Bh4 Nfd7 9. Bg3 Nxe5 10. Bxe5 Bf6 11. Nf3 Nd7 12. Bg3 c5 13. c3 Re8 14. O-O Bb7 15. Re1 e5 16. Bb5 e4 17. Ne5 Bxe5 18. Bxe5 a6 19. Bxd7 Qxd7 20. Bg3 Bc6 21. Qb3 cxd4 22. cxd4 Re6 23. Qxb6 Bb5 24. Qa5 Rc8 25. Rac1 Rec6 26. Qd2 Bd3 27. Rc3 Rxc3 28. bxc3 Qa4 29. Bd6 Rc6 30. Bc5 Rc7 31. Qb2 Qb5 32. Qxb5 axb5 33. f4 f5 34. a3 1/2-1/2

[Event "1st Bella Italia International 2022"]
[Site "Lignano"]
[Date "2022.08.23"]
[Round "9.10"]
[White "Etxagibel Larranaga, Asier"]
[Black "Massironi, Marco"]
[Result "1-0"]
[ECO "A20"]
[WhiteElo "2118"]
[BlackElo "2200"]
[Annotator "NA RC"]
[PlyCount "55"]
[EventDate "2022.08.18"]
[EventCountry "ITA"]
[SourceTitle "playchess.com"]
[Source "ChessBase"]
[SourceQuality "1"]
[TimeControl "5400+30"]

1. c4 e5 2. g3 Nf6 3. Bg2 h6 4. Nc3 Bb4 5. Nf3 e4 6. Nd4 Bxc3 7. dxc3 d5 8. cxd5 Qxd5 9. Qb3 Qxb3 10. axb3 O-O 11. Bf4 Na6 12. Nb5 g5 13. Bd2 Bd7 14. Nd4 c5 15. Nc2 Be6 16. c4 Bf5 17. h4 e3 18. Nxe3 Be4 19. f3 Bc6 20. Bc3 Nh5 21. hxg5 Nxg3 22. Rxh6 f6 23. gxf6 Rfe8 24. Kf2 Rxe3 25. Kxg3 Kf7 26. Rh7+ Kg6 27. Rg7+ Kf5 28. Bh3# 1-0

[Event "1st Bella Italia International 2022"]
[Site "Lignano"]
[Date "2022.08.23"]
[Round "9.11"]
[White "Titze, Leo"]
[Black "Perossa, Nicolas"]
[Result "1-0"]
[ECO "E73"]
[WhiteElo "2071"]
[BlackElo "2107"]
[Annotator "NA RC"]
[PlyCount "79"]
[EventDate "2022.08.18"]
[EventCountry "ITA"]
[SourceTitle "playchess.com"]
[Source "ChessBase"]
[SourceQuality "1"]
[TimeControl "5400+30"]

1. d4 Nf6 2. c4 g6 3. Nc3 Bg7 4. e4 d6 5. Be2 O-O 6. Be3 e5 7. d5 a5 8. g4 Na6 9. h4 Nd7 10. h5 f5 11. hxg6 hxg6 12. gxf5 gxf5 13. exf5 Ndc5 14. Nf3 Bxf5 15. Qd2 Nb4 16. Kf1 Nc2 17. Rd1 Ne4 18. Nxe4 Bxe4 19. Rh3 Nxe3+ 20. Qxe3 Rf4 21. Rg3 Bxf3 22. Bxf3 Qf6 23. Be4 Qh4 24. Re1 Raf8 25. Kg2 R8f6 26. f3 Rh6 27. Rg1 Rf7 28. Rg4 Qh3+ 29. Kf2 Rhf6 30. Ke2 Kf8 31. Qa7 Re7 32. Qb8+ Re8 33. Qxc7 Re7 34. Qb6 Qh2+ 35. R1g2 Qh6 36. Bg6 Rd7 37. Qxa5 Ke7 38. Be4 Bf8 39. Qe1 b6 40. Rh4 1-0

[Event "1st Bella Italia International 2022"]
[Site "Lignano"]
[Date "2022.08.23"]
[Round "9.12"]
[White "Cristiani, Cesare"]
[Black "Lapiccirella, Daniele"]
[Result "1/2-1/2"]
[ECO "D45"]
[WhiteElo "2006"]
[BlackElo "2173"]
[Annotator "NA RC"]
[PlyCount "20"]
[EventDate "2022.08.18"]
[EventCountry "ITA"]
[SourceTitle "playchess.com"]
[Source "ChessBase"]
[SourceQuality "1"]
[TimeControl "5400+30"]

1. d4 d5 2. c4 c6 3. Nc3 Nf6 4. Nf3 e6 5. e3 Nbd7 6. Qc2 Bd6 7. b3 O-O 8. Be2 b6 9. O-O Bb7 10. Rd1 Qe7 1/2-1/2

[Event "1st Bella Italia International 2022"]
[Site "Lignano"]
[Date "2022.08.23"]
[Round "9.13"]
[White "Urbani, Gabriel"]
[Black "Grigorian, Roudolph"]
[Result "1/2-1/2"]
[ECO "B13"]
[WhiteElo "2046"]
[BlackElo "2101"]
[Annotator "NA RC"]
[PlyCount "128"]
[EventDate "2022.08.18"]
[EventCountry "ITA"]
[SourceTitle "playchess.com"]
[Source "ChessBase"]
[SourceQuality "1"]
[TimeControl "5400+30"]

1. e4 c6 2. d4 d5 3. exd5 cxd5 4. Bd3 Nc6 5. c3 Nf6 6. Bf4 Bg4 7. Qb3 Qd7 8. Nd2 e6 9. Ngf3 Bd6 10. Bxd6 Qxd6 11. O-O O-O 12. Rfe1 Ne7 13. Ne5 Bf5 14. Qc2 b5 15. a3 a5 16. Bxf5 Nxf5 17. Nb3 b4 18. axb4 axb4 19. Nc5 h5 20. h3 h4 21. Ned3 bxc3 22. bxc3 Rfc8 23. Qe2 Rxa1 24. Rxa1 Ne4 25. Nxe4 dxe4 26. Qxe4 Rxc3 27. Ne5 Ra3 28. Rc1 Qa6 29. Rb1 Ra1 30. Nf3 Rxb1+ 31. Qxb1 Qa8 32. Qb5 Qd8 33. Qe5 g5 34. d5 Qxd5 35. Qxd5 exd5 36. Nxg5 Kg7 37. Nf3 Kf6 38. Kf1 Ke7 39. Ke2 Kd6 40. Kd3 Kc5 41. Ng5 Nd6 42. g3 hxg3 43. fxg3 f5 44. Ne6+ Kc6 45. Nd4+ Kd7 46. Ke3 Ke7 47. Kf4 Kf6 48. h4 Kg6 49. Ke5 Nf7+ 50. Kxd5 Kf6 51. Ne2 Nh6 52. Nf4 Ng4 53. Kd6 Nf2 54. Nd5+ Kg6 55. Ke5 Ne4 56. Kf4 Nd6 57. Ne3 Kf6 58. h5 Ke6 59. h6 Kf6 60. Nxf5 Nf7 61. Kg4 Kg6 62. Ne7+ Kxh6 63. Kf5 Nd6+ 64. Ke5 Kg5 1/2-1/2

[Event "1st Bella Italia International 2022"]
[Site "Lignano"]
[Date "2022.08.23"]
[Round "9.14"]
[White "Giraldi, Edoardo"]
[Black "Gelle, Istvan"]
[Result "1-0"]
[ECO "B10"]
[WhiteElo "1909"]
[BlackElo "2218"]
[Annotator "NA RC"]
[PlyCount "107"]
[EventDate "2022.08.18"]
[EventCountry "ITA"]
[SourceTitle "playchess.com"]
[Source "ChessBase"]
[SourceQuality "1"]
[TimeControl "5400+30"]

1. e4 c6 2. Nf3 d5 3. d3 Bg4 4. h3 Bh5 5. g4 Bg6 6. Qe2 dxe4 7. dxe4 Nd7 8. Bf4 e5 9. Bg3 Qb6 10. c3 f6 11. Bg2 O-O-O 12. O-O Nc5 13. Nh4 Ne7 14. Na3 Bf7 15. Rfd1 Ng6 16. Rxd8+ Qxd8 17. Rd1 Qc7 18. Nf5 b5 19. Qd2 Ne6 20. Bf1 a6 21. Nc2 Ngf4 22. Bxf4 Nxf4 23. Nb4 Bxb4 24. cxb4 Bxa2 25. Ra1 Rd8 26. Qe3 g6 27. Rxa2 gxf5 28. Rxa6 Rd4 29. exf5 Nd5 30. Qa3 Qe7 31. Rxc6+ Nc7 32. Qa7 Rxb4 33. Bg2 e4 34. Re6 Qd7 35. Bxe4 Nxe6 36. Qa8+ Kc7 37. Qa5+ Kc8 38. Qxb4 Qd1+ 39. Kh2 Qd4 40. Qxd4 Nxd4 41. Kg3 b4 42. Kf4 h6 43. Ke3 Nb3 44. f4 Kd7 45. h4 Kd6 46. g5 fxg5 47. fxg5 hxg5 48. hxg5 Ke5 49. f6 Ke6 50. f7 Ke7 51. g6 Nc5 52. Bd5 Kf8 53. Kd4 Nd7 54. Be4 1-0

[Event "1st Bella Italia International 2022"]
[Site "Lignano"]
[Date "2022.08.23"]
[Round "9.15"]
[White "Colonetti, Fabio"]
[Black "Zuttioni, Federico"]
[Result "1/2-1/2"]
[ECO "E60"]
[WhiteElo "2152"]
[BlackElo "2161"]
[Annotator "NA RC"]
[PlyCount "92"]
[EventDate "2022.08.18"]
[EventCountry "ITA"]
[SourceTitle "playchess.com"]
[Source "ChessBase"]
[SourceQuality "1"]
[TimeControl "5400+30"]

1. d4 Nf6 2. c4 g6 3. g3 Bg7 4. Bg2 O-O 5. Nf3 d6 6. O-O a5 7. Nc3 Na6 8. h3 c6 9. e4 Nd7 10. Be3 e5 11. Qe2 Qe7 12. Rad1 f5 13. dxe5 dxe5 14. exf5 gxf5 15. Rfe1 Qf7 16. Rd6 Qh5 17. c5 e4 18. Qc4+ Kh8 19. Bd4 Qf7 20. Qxf7 Rxf7 21. Ng5 Re7 22. Bxg7+ Kxg7 23. g4 Ndxc5 24. gxf5 Bxf5 25. Ngxe4 Nxe4 26. Nxe4 Nc5 27. f3 Rae8 28. Kf2 Re5 29. Rg1 Bxe4 30. fxe4 Rg5 31. Bf3 Rxg1 32. Kxg1 Re6 33. Rxe6 Nxe6 34. b3 Kf6 35. Bg4 Nc5 36. Bf5 h6 37. Kg2 Ke5 38. Kf3 b5 39. Ke3 b4 40. Bg6 Nb7 41. Be8 c5 42. Bc6 Nd6 43. Kd3 Kf4 44. Bd5 Ke5 45. Bc6 Kf4 46. Bd5 Ke5 1/2-1/2

[Event "1st Bella Italia International 2022"]
[Site "Lignano"]
[Date "2022.08.23"]
[Round "9.17"]
[White "Della Pietra, Andrea"]
[Black "Tencati, Giuseppe"]
[Result "1/2-1/2"]
[ECO "D85"]
[WhiteElo "2172"]
[BlackElo "2055"]
[Annotator "NA RC"]
[PlyCount "33"]
[EventDate "2022.08.18"]
[EventCountry "ITA"]
[SourceTitle "playchess.com"]
[Source "ChessBase"]
[SourceQuality "1"]
[TimeControl "5400+30"]

1. d4 Nf6 2. c4 g6 3. Nc3 d5 4. cxd5 Nxd5 5. Bd2 Bg7 6. e4 Nxc3 7. Bxc3 O-O 8. Bc4 Nd7 9. Ne2 c5 10. d5 Ne5 11. b3 f5 12. exf5 Bxf5 13. O-O a6 14. f4 Ng4 15. Qd2 b5 16. Bd3 Nf6 17. Rad1 1/2-1/2

[Event "1st Bella Italia International 2022"]
[Site "Lignano"]
[Date "2022.08.23"]
[Round "9.18"]
[White "Olabe Odriozola, Eduardo"]
[Black "Bordignon, Angelo"]
[Result "1-0"]
[ECO "A08"]
[WhiteElo "1946"]
[BlackElo "2062"]
[Annotator "NA RC"]
[PlyCount "101"]
[EventDate "2022.08.18"]
[EventCountry "ITA"]
[SourceTitle "playchess.com"]
[Source "ChessBase"]
[SourceQuality "1"]
[TimeControl "5400+30"]

1. e4 e6 2. d3 d5 3. Nd2 c5 4. Ngf3 Nc6 5. g3 g6 6. Bg2 Bg7 7. O-O Nge7 8. Re1 O-O 9. e5 Qc7 10. Qe2 b6 11. c3 a5 12. h4 h6 13. Nf1 Ra7 14. N1h2 Kh7 15. Bf4 Qd8 16. Qd2 Ng8 17. Ng4 Nce7 18. d4 Nf5 19. Kh2 h5 20. Ng5+ Kh8 21. Ne3 Ngh6 22. Nxf5 Nxf5 23. Bh3 Re7 24. g4 Nxh4 25. Kg3 hxg4 26. Bxg4 Nf5+ 27. Bxf5 exf5 28. f3 Rfe8 29. Qh2+ Kg8 30. Nh7 f6 31. exf6 Rxe1 32. fxg7 Rxa1 33. Ng5 Rg1+ 34. Qxg1 Qf6 35. Qh2 Qxg7 36. Bd6 cxd4 37. cxd4 Qh8 38. Qd2 Ba6 39. Nh3 Qf6 40. Qf4 g5 41. Nxg5 Qg6 42. Be5 Bc8 43. Qh4 Rxe5 44. dxe5 d4 45. Kf4 b5 46. Qf2 Qb6 47. Qe2 Qc6 48. e6 Qc1+ 49. Kxf5 Qb1+ 50. Kf6 d3 51. e7 1-0

[Event "1st Bella Italia International 2022"]
[Site "Lignano"]
[Date "2022.08.23"]
[Round "9.19"]
[White "Montorsi, Matteo"]
[Black "Olmo Vega, Diego"]
[Result "1-0"]
[ECO "C42"]
[WhiteElo "2100"]
[BlackElo "2035"]
[Annotator "NA RC"]
[PlyCount "97"]
[EventDate "2022.08.18"]
[EventCountry "ITA"]
[SourceTitle "playchess.com"]
[Source "ChessBase"]
[SourceQuality "1"]
[TimeControl "5400+30"]

1. e4 e5 2. Nf3 Nf6 3. Nxe5 d6 4. Nf3 Nxe4 5. d4 d5 6. Bd3 Be7 7. O-O Nc6 8. c4 Nb4 9. Be2 c6 10. Nc3 O-O 11. a3 Nxc3 12. bxc3 Na6 13. cxd5 cxd5 14. Qb3 Nc7 15. Re1 Rb8 16. a4 Be6 17. Bd3 Ne8 18. Qb1 h6 19. Bf4 Bd6 20. Be5 Nf6 21. h3 Qd7 22. Qc1 Bxe5 23. dxe5 Nh7 24. Nd4 Rfc8 25. f4 Qc7 26. Re3 Bd7 27. Qd1 Qa5 28. Qf3 Rc7 29. Bxh7+ Kxh7 30. f5 Rbc8 31. Rc1 Bxa4 32. f6 g6 33. e6 Be8 34. exf7 Bxf7 35. Re7 Kg8 36. Qe3 Rxe7 37. Qxh6 Be8 38. fxe7 Bf7 39. Qe3 Qc5 40. Kh1 Re8 41. Re1 a5 42. h4 a4 43. h5 Qb6 44. Qg5 Kh7 45. Re3 gxh5 46. Ne6 Qb1+ 47. Kh2 Qg6 48. Nf8+ Rxf8 49. exf8=N+ 1-0

[Event "1st Bella Italia International 2022"]
[Site "Lignano"]
[Date "2022.08.23"]
[Round "9.20"]
[White "Cassi, Elisa"]
[Black "Marson, Roy"]
[Result "0-1"]
[ECO "C47"]
[WhiteElo "1922"]
[BlackElo "1959"]
[Annotator "NA RC"]
[PlyCount "132"]
[EventDate "2022.08.18"]
[EventCountry "ITA"]
[SourceTitle "playchess.com"]
[Source "ChessBase"]
[SourceQuality "1"]
[TimeControl "5400+30"]

1. e4 e5 2. Nf3 Nc6 3. Nc3 Nf6 4. a3 d5 5. Bb5 d4 6. Ne2 Nxe4 7. d3 Nf6 8. Nxe5 Qd5 9. Bxc6+ bxc6 10. Nf3 c5 11. O-O Bg4 12. Nf4 Qd6 13. Re1+ Be7 14. Qe2 Bxf3 15. Qxf3 O-O 16. b3 c6 17. a4 Bd8 18. Bd2 Bc7 19. g3 Nd7 20. Kg2 Ne5 21. Qh5 g6 22. Qh6 f6 23. f3 Rf7 24. Re4 Rg7 25. Qh3 Re8 26. Rae1 Rge7 27. Kf2 f5 28. R4e2 g5 29. Nh5 Nxf3 30. Rxe7 Rxe7 31. Qxf5 Nxe1 32. Nf6+ Kh8 33. Ne4 Rxe4 34. dxe4 Nxc2 35. Bxg5 Kg7 36. Bf4 Qe7 37. Qg4+ Kh8 38. Qc8+ Bd8 39. h4 Qf6 40. e5 Qf8 41. Kg1 Be7 42. Qxc6 Ne3 43. e6 Qf6 44. Qe8+ Kg7 45. Be5 Qxe5 46. Qxe7+ Kh6 47. Qf8+ Kh5 48. Qf3+ Kh6 49. Qf8+ Kh5 50. Qf3+ Ng4 51. Qf7+ Kh6 52. Qf8+ Qg7 53. Qf4+ Kh5 54. Qf5+ Kh6 55. Qf4+ Kh5 56. Qf7+ Qg6 57. Qd7 Ne5 58. Qd5 Qxg3+ 59. Kf1 Qf4+ 60. Kg1 Kxh4 61. Qh1+ Kg5 62. Qxh7 Qe3+ 63. Kg2 Ng6 64. Qxa7 Nf4+ 65. Kf1 Qe2+ 66. Kg1 Qg2# 0-1